 Dungeon Crawl Stone Soup version 0.31-a0-667-g39726597b9 (webtiles) character file.

Game seed: 10682088621199388664

3235 iVAG the Cleaver (level 9, -1/63 HPs)
             Began as a Demonspawn Fighter on Sept 3, 2023.
             Was a Believer of Qazlal.
             Slain by a wolf (3 damage)
             ... on level 8 of the Dungeon.
             The game lasted 00:14:05 (6053 turns).

iVAG the Cleaver (Demonspawn Fighter)               Turns: 6053, Time: 00:14:06

Health: -1/63      AC:  8    Str: 21    XL:     9   Next: 66%
Magic:  9/9        EV:  9    Int:  9    God:    Qazlal [**....]
Gold:   551        SH: 13    Dex: 13    Spells: 8/8 levels left

rFire   + . .        a - +0 war axe
rCold   . . .        c - +1 buckler
rNeg    . . .        l - +0 scale mail
rPois   .            (helmet restricted)
rElec   .            x - scarf {harm}
rCorr   +            (no gloves)
SInv    .            (no boots)
Will    .....        j - amulet of reflection Stlth
                     g - ring of resist corrosion
HPRegen 0.30/turn    F - ring of protection from fire
MPRegen 0.11/turn

%: harm (+30% outgoing, +20% incoming), reflection
@: no status effects
A: horns 2, slimy green scales 1, demonic guardian 1, ignite blood 1
a: Renounce Religion, Upheaval


You were on level 8 of the Dungeon.
You worshipped Qazlal.
Qazlal was pleased with you.
You visited 2 branches of the dungeon, and saw 9 of its levels.

You collected 551 gold pieces.

Inventory:

Hand Weapons
 a - a +0 war axe (weapon)
 b - a +2 heavy sling
Armour
 c - a +1 buckler (worn)
 l - a +0 scale mail (worn)
 n - a +0 helmet
 x - a scarf of harm (worn)
 D - a +1 leather armour of cold resistance
Jewellery
 g - a ring of resist corrosion (left hand)
 j - an amulet of reflection (around neck)
 o - an amulet of regeneration
 F - a ring of protection from fire (right hand)
 I - a ring of see invisible
 J - a ring of positive energy
Wands
 q - a wand of flame (23)
 w - a wand of polymorph (8)
 E - a wand of mindburst (12)
Scrolls
 h - 2 scrolls of enchant armour
 i - a scroll of revelation
 r - a scroll of noise {unknown}
 s - 3 scrolls of teleportation {unknown}
 u - a scroll of fear {unknown}
 v - a scroll of butterflies {unknown}
 y - 6 scrolls of identify {unknown}
 A - 2 scrolls of vulnerability {unknown}
 C - a scroll of torment {unknown}
 G - a scroll of immolation {unknown}
 H - a scroll of poison {unknown}
 K - a scroll of enchant weapon {unknown}
Potions
 e - 2 potions of attraction {unknown}
 f - a potion of enlightenment {unknown}
 k - 5 potions of mutation {unknown}
 m - a potion of degeneration {unknown}
 p - a potion of heal wounds {unknown}
 t - 2 potions of haste {unknown}
 z - 3 potions of curing {unknown}
 B - 3 potions of ambrosia {unknown}


   Skills:
 - Level 3.0 Fighting
 + Level 12.6 Axes
 - Level 2.6 Armour
 - Level 2.6 Shields


You had 8 spell levels left.
You didn't know any spells.
Your spell library contained the following spells:

 Spells                   Type           Power      Damage    Failure   Level
 Magic Dart               Conj           0%         1d3       80%         1
 Ensorcelled Hibernation  Hex/Ice        0%         N/A       91%         2
 Passwall                 Tmut/Erth      0%         N/A       91%         2
 Searing Ray              Conj           0%         2d4       91%         2
 Static Discharge         Conj/Air       0%         2-2/arc   91%         2
 Swiftness                Air            0%         N/A       99%         3
 Airstrike                Air            0%         2d(0-16)  100%        4
 Fulminant Prism          Conj/Hex       0%         3d5       100%        4
 Summon Lightning Spire   Summ/Air       0%         N/A       100%        4


Dungeon Overview and Level Annotations

Branches:
Dungeon (8/15)             Temple (1/1) D:4
   Lair: D:8-11

Altars:
Cheibriados
Fedhas
Gozag
Hepliaklqana
Kikubaaqudgha
Makhleb
Nemelex Xobeh
Okawaru
Qazlal
Ru
Sif Muna
Uskayaw
Vehumet
Wu Jian
Xom
Yredelemnul

Shops:
D:5 (   D:8 :

Portals:
Abyss: D:5

Annotations:
D:5 2 transporters, blacky4's ghost, novice DsGl


Innate Abilities, Weirdness & Mutations

You have a pair of horns on your head.
You are partially covered in slimy green scales. (AC +2)
A weak demonic guardian rushes to your aid.
Your demonic aura sometimes causes spilled blood to erupt in flames.


Message History

You kill the rime drake!
Qazlal accepts your kill.
You miss the wolf. You barely miss the wolf. The wolf bites you.
* * * LOW HITPOINT WARNING * * *
Your quasit closely misses the polar bear. x2
Your quasit claws the polar bear but does no damage.
The gnoll hits you from afar with a +0 spear.
* * * LOW HITPOINT WARNING * * *
You block the wolf's attack.
Your quasit bites the polar bear.
Your quasit claws the polar bear but does no damage.
Your quasit claws the polar bear.
The wolf barely misses you.
Your Axes skill increases to level 12!
You slash the polar bear!
The polar bear is severely wounded.
You slash the wolf!
You kill the wolf!
Qazlal accepts your kill.
You barely miss the wolf.
The polar bear is engulfed in blazing flames.
You block the polar bear's attack. The polar bear closely misses you. x2
The gnoll hits you but does no damage. The wolf bites you.
* * * LOW HITPOINT WARNING * * *
Your quasit bites the polar bear but does no damage.
Your quasit completely misses the polar bear.
Your quasit claws the polar bear.
You hit the polar bear.
You headbutt the polar bear, but do no damage.
The polar bear is almost dead.
You hit the wolf but do no damage. The wolf barely misses you.
The polar bear is engulfed in blazing flames.
You kill the polar bear!
Qazlal accepts your kill. You block the gnoll's attack.
Your quasit barely misses the gnoll. x2
Your quasit closely misses the gnoll.
The wolf stops to sniff the ground.
The wolf barely misses you.
You hit the wolf.
The wolf is severely wounded.
The wolf bites you.
You die...

#..... #.....#.......
......###########.....###.....
........................######
....#.))................#.....
..#....†...............#.....
.......)................'...++
.#.........5°...........#...+∩
#.........g).○.........#...+'
#..........h@..........#.....
#..........○...........#.....
#......................#.....
.....###########.....########
..... #.....# ... #.....#
#.....# #.....# #.....#


You could see a wolf, a gnoll (ally target) and a friendly quasit (summoned).

Vanquished Creatures
  A rime drake (D:8)
  A polar bear (D:8)
  Menkaure (D:7)
  2 water moccasins
  An orc warrior (D:7)
  2 ice beasts
  A black bear (D:5)
  A sky beast (D:8)
  2 ogres
  A wolf (D:8)
  A phantom (D:7)
  A centaur (D:6)
  A kobold brigand (D:7)
  2 bullfrogs (D:7)
  A gnoll sergeant (D:8)
  2 scorpions (D:6)
  3 wights (D:7)
  An electric eel (D:6)
  A howler monkey (D:6)
  A bullfrog zombie (D:4)
  3 jellies
  3 gnoll boudas (D:7)
  4 hounds
  A sleepcap (D:4)
  2 orc priests
  Ijyb (D:3)
  3 iguanas
  4 orc wizards
  Robin (D:2)
  16 gnolls
  5 adders
  3 dart slugs
  23 orcs
  4 ball pythons
  3 bats
  5 endoplasms
  3 giant cockroaches (D:1)
  11 goblins
  11 hobgoblins
  3 jackals (D:2)
  6 kobolds
  2 quokkas
  6 frilled lizards
  A quokka zombie (D:4)
  9 rats
160 creatures vanquished.

Vanquished Creatures (collateral kills)
  A ball python (D:2)
1 creature vanquished.

Grand Total: 161 creatures vanquished

Notes
Turn   | Place    | Note
-------+----------+-------------------------------------------
     0 | D:1      | iVAG the Demonspawn Fighter began the quest for the Orb.
     0 | D:1      | Reached XP level 1. HP: 18/18 MP: 1/1
    22 | D:1      | Found a shimmering blue altar of Sif Muna.
    31 | D:1      | Reached skill level 2 in Axes
   158 | D:1      | Gained mutation: Your demonic aura sometimes causes spilled
                  | blood to erupt in flames. [demonic ancestry]
   158 | D:1      | Reached XP level 2. HP: 24/24 MP: 2/2
   437 | D:1      | Reached skill level 3 in Axes
   667 | D:2      | Gained mutation: A weak demonic guardian rushes to your
                  | aid. [demonic ancestry]
   667 | D:2      | Reached XP level 3. HP: 18/29 MP: 3/3
   732 | D:2      | Noticed Robin
   866 | D:2      | Killed Robin
   945 | D:2      | Reached XP level 4. HP: 35/35 MP: 4/4
   956 | D:2      | Reached skill level 4 in Axes
  1586 | D:3      | Noticed Ijyb
  1594 | D:3      | Killed Ijyb
  2199 | D:4      | Reached skill level 5 in Axes
  2199 | D:4      | Gained mutation: You are partially covered in slimy green
                  | scales. (AC +2) [demonic ancestry]
  2199 | D:4      | Reached XP level 5. HP: 41/41 MP: 5/5
  2302 | D:4      | Found a staircase to the Ecumenical Temple.
  2311 | Temple   | Entered the Ecumenical Temple
  2516 | D:4      | Gained mutation: You have a pair of small horns on your
                  | head. [demonic ancestry]
  2516 | D:4      | Reached XP level 6. HP: 45/47 MP: 6/6
  2714 | D:4      | Reached skill level 6 in Axes
  2755 | D:4      | Found a basalt altar of Yredelemnul.
  2920 | D:4      | Found a radiant altar of Vehumet.
  3051 | D:5      | Entered Level 5 of the Dungeon
  3132 | D:5      | Found a stormy altar of Qazlal.
  3138 | D:5      | Found Gakhekk's Weapon Boutique.
  3140 | D:5      | Became a worshipper of Qazlal Stormbringer
  3267 | D:5      | Reached skill level 7 in Axes
  3267 | D:5      | Gained mutation: You have a pair of horns on your head.
                  | [demonic ancestry]
  3267 | D:5      | Reached XP level 7. HP: 47/52 MP: 7/7
  3418 | D:5      | Found a transporter.
  3419 | D:5      | Found a transporter.
  3466 | D:5      | Found a one-way gate to the infinite horrors of the Abyss.
  3466 | D:5      | Noticed blacky4's ghost (novice DsGl)
  3605 | D:6      | Found a snail-covered altar of Cheibriados.
  3619 | D:6      | Reached skill level 8 in Axes
  3655 | D:6      | Reached * piety under Qazlal
  4055 | D:6      | Reached XP level 8. HP: 30/58 MP: 8/8
  4247 | D:6      | Reached skill level 9 in Axes
  4626 | D:7      | Found a blossoming altar of Fedhas.
  4727 | D:7      | Noticed Menkaure
  4740 | D:7      | Killed Menkaure
  4959 | D:7      | Reached skill level 10 in Axes
  5269 | D:7      | Found a shimmering blue altar of Sif Muna.
  5531 | D:7      | Reached skill level 11 in Axes
  5531 | D:7      | Reached XP level 9. HP: 63/63 MP: 9/9
  5555 | D:7      | Found a sacrificial altar of Ru.
  5557 | D:7      | Reached ** piety under Qazlal
  6001 | D:8      | Found Koteoso's Book Boutique.
  6035 | D:8      | Noticed a polar bear
  6038 | D:8      | Noticed a rime drake
  6050 | D:8      | Killed a rime drake
  6050 | D:8      | HP: 3/63 [gnoll/+0 spear[a gnoll sergeant] (4)]
  6051 | D:8      | Reached skill level 12 in Axes
  6051 | D:8      | HP: 1/63 [wolf (2)]
  6052 | D:8      | Killed a polar bear
  6053 | D:8      | Slain by a wolf

Illustrated notes

Levels and vault maps discovered:
D:1:      nzn_arrival_water_spiral, layout_basic, minmay_hexomino_r4
D:2:      layout_basic, uniq_robin
D:3:      layout_basic, uniq_ijyb
D:4:      layout_loops_ring, nicolae_vehumet_altar_sigil,
          lemuel_zombie_altar_yredelemnul, lemuel_temple_firewalk_b
D:5:      layout_rooms, nicolae_qazlal_scattered_showers, serial_shops, shop,
          gammafunk_ghost_abyssal_escape
D:6:      layout_basic, nicolae_elyvilon_temple_path, kennysheep_slug_shrine,
          grunt_ministairs_5
D:7:      layout_rooms, amcnicky_altar_gilded, mainiacjoe_overflow_chevrons,
          tgw_sif, uniq_menkaure
D:8:      layout_gridville, hellmonk_lair_entry_icy, serial_shops,
          nicolae_shop_tiny_real_fake_doors, dk_noncrumbling_4,
          minmay_the_grid_2x2 [minmay_the_grid_broken_lines,
          minmay_the_grid_empty, minmay_the_grid_holed_spiral,
          minmay_the_grid_prize_shrinking_boxes]
Temple:   nicolae_temple_cloud_nine

Skill      XL: |  1  2  3  4  5  6  7  8  9 |
---------------+----------------------------+-----
Axes           | 2 3 5 7 8 11 12 | 12.6
Fighting       | |  3.0
Armour         | |  2.6
Shields        | |  2.6

Action                     |  1- 3 |  4- 6 |  7- 9 || total
---------------------------+-------+-------+-------++-------
  Melee: War axe           |   103 |   138 |   171 ||   412
         Headbutt          |       |    10 |    23 ||    33
   Fire: Sling             |       |    18 |    11 ||    29
  Evoke: Wand              |       |       |     1 ||     1
    Use: Scroll            |       |     2 |     1 ||     3
         Potion            |       |       |     1 ||     1
 Armour: Scale mail        |    54 |    84 |   111 ||   249
  Dodge: Dodged            |    25 |    48 |    51 ||   124
  Block: Buckler           |    55 |    67 |   106 ||   228
         Reflection        |     1 |     4 |     4 ||     9

Table legend: (Time is in decaauts)
 A = Elapsed time spent in this place.
 B = Non-inter-level travel time spent in this place.
 C = Inter-level travel time spent in this place.
 D = Time resting spent in this place.
 E = Time spent auto-exploring this place.
 F = Levels seen in this place.
 G = Mean time per level.
                   A        B        C        D        E       F      G
               +--------+--------+--------+--------+--------+-----+--------+
         Total |   6170 |   5781 |    389 |    348 |   4244 |   9 |  685.6 |
       Dungeon |   6168 |   5779 |    389 |    348 |   4244 |   8 |  771.0 |
        Temple |      1 |      1 |      0 |      0 |      0 |   1 |    1.0 |
               +--------+--------+--------+--------+--------+-----+--------+

Top non-repeatable levels by time:
     D:6: 1160 daAuts
     D:7: 1153 daAuts
     D:2: 985 daAuts
     D:4: 905 daAuts
     D:1: 644 daAuts
     D:3: 600 daAuts
     D:5: 596 daAuts
     D:8: 122 daAuts
  Temple: 1 daAuts
